[Event "III. World-ch for Disabled 2017"]
[Site "Dresden"]
[Date "2017.10.06"]
[Round "1.4"]
[White "Hentzschel, Erhard"]
[Black "Wielecki, Zygmunt"]
[Result "0-1"]
[ECO "B50"]
[WhiteElo "1885"]
[BlackElo "2199"]
[Annotator "ChessBase"]
[PlyCount "30"]
[EventDate "2017.??.??"]
[EventType "swiss"]
[EventCountry "GER"]
[SourceTitle "playchess.com"]
[Source "ChessBase"]
[SourceQuality "1"]
[TimeControl "40/5400+30:1800+30"]

1. e4 c5 2. Nc3 e6 3. Nf3 a6 4. a4 d6 5. Bc4 Nf6 6. d3 Be7 7. Bg5 O-O 8. Qd2 b6 9. e5 dxe5 10. Nxe5 Bb7 11. Nxf7 Kxf7 12. Qe3 Nd5 13. Qf3+ Kg8 14. Qe4 Bxg5 15. Qxe6+ Kh8 0-1

[Event "III. World-ch for Disabled 2017"]
[Site "Dresden"]
[Date "2017.10.07"]
[Round "2.3"]
[White "Varezhkin, Viktor"]
[Black "Checiak, Krzysztof"]
[Result "1-0"]
[ECO "D43"]
[WhiteElo "2243"]
[BlackElo "2049"]
[Annotator "ChessBase"]
[PlyCount "85"]
[EventDate "2017.??.??"]
[EventType "swiss"]
[EventCountry "GER"]
[SourceTitle "playchess.com"]
[Source "ChessBase"]
[SourceQuality "1"]
[TimeControl "40/5400+30:1800+30"]

1. d4 d5 2. Nf3 Nf6 3. c4 e6 4. Nc3 c6 5. Qb3 Nbd7 6. g3 Bd6 7. Bf4 dxc4 8. Qxc4 Qc7 9. Bxd6 Qxd6 10. Rd1 O-O 11. Bg2 a5 12. a3 b5 13. Qd3 Ba6 14. Ne4 Nxe4 15. Qxe4 Rac8 16. O-O Rfd8 17. Rd2 Qe7 18. Rfd1 Nf6 19. Qc2 h6 20. Ne5 Bb7 21. e3 c5 22. Bxb7 Qxb7 23. dxc5 Rxd2 24. Rxd2 Qc7 25. Nf3 b4 26. axb4 axb4 27. Rd4 Rb8 28. Nd2 Nh7 29. h4 Nf6 30. Nb3 Nd5 31. Qd2 Qc6 32. f3 Qa4 33. Qd3 Qa2 34. e4 Nf6 35. Qc2 Qa7 36. Kg2 Qc7 37. Qd2 Nh5 38. Rd6 Qe7 39. e5 g5 40. Rd7 Qe8 41. c6 Rc8 42. c7 Kg7 43. hxg5 1-0

[Event "III. World-ch for Disabled 2017"]
[Site "Dresden"]
[Date "2017.10.07"]
[Round "2.4"]
[White "Wielecki, Zygmunt"]
[Black "Uzialko, Marek"]
[Result "1/2-1/2"]
[ECO "C98"]
[WhiteElo "2199"]
[BlackElo "2043"]
[Annotator "ChessBase"]
[PlyCount "71"]
[EventDate "2017.??.??"]
[EventType "swiss"]
[EventCountry "GER"]
[SourceTitle "playchess.com"]
[Source "ChessBase"]
[SourceQuality "1"]
[TimeControl "40/5400+30:1800+30"]

1. e4 e5 2. Nf3 Nc6 3. Bb5 a6 4. Ba4 Nf6 5. O-O b5 6. Bb3 d6 7. c3 Na5 8. Bc2 c5 9. h3 Be7 10. Re1 O-O 11. d4 Qc7 12. Nbd2 Nc6 13. d5 Nd8 14. Nf1 Ne8 15. Ng3 g6 16. Bh6 Ng7 17. Qd2 f6 18. b3 Nf7 19. Be3 Bd7 20. a4 Rab8 21. axb5 axb5 22. Ra2 Ra8 23. Rea1 Qb7 24. b4 Rxa2 25. Rxa2 Ra8 26. Bd3 Rxa2 27. Qxa2 c4 28. Bc2 f5 29. exf5 Nxf5 30. Nxf5 Bxf5 31. Bxf5 gxf5 32. Qa7 Qxa7 33. Bxa7 Ng5 34. Nxg5 Bxg5 35. Be3 Bxe3 36. fxe3 1/2-1/2

[Event "III. World-ch for Disabled 2017"]
[Site "Dresden"]
[Date "2017.10.08"]
[Round "3.4"]
[White "Zimmer, Raphael"]
[Black "Mate, Balazs"]
[Result "1-0"]
[ECO "B77"]
[WhiteElo "2007"]
[BlackElo "2081"]
[Annotator "NA RC"]
[PlyCount "85"]
[EventDate "2017.??.??"]
[EventType "swiss"]
[EventCountry "GER"]
[SourceTitle "playchess.com"]
[Source "ChessBase"]
[SourceQuality "1"]
[TimeControl "40/5400+30:1800+30"]

1. e4 c5 2. Nf3 Nc6 3. d4 cxd4 4. Nxd4 Nf6 5. Nc3 g6 6. Be3 (6. Nxc6 $14 bxc6 7. e5) 6... Bg7 7. Bc4 O-O 8. Bb3 Qa5 9. f3 d6 10. Qd2 Bd7 ({Black should play} 10... Nxd4 $11 11. Bxd4 Be6) 11. O-O-O Ne5 12. h4 Rfc8 13. Kb1 Nc4 {[%emt 0:45:53] [#]} 14. Bxc4 $1 Rxc4 15. Nb3 {[%emt 1:21:03] LiveBook: 208 Games} Qa6 16. Bd4 Rac8 {[%emt 0:32:10] [#] B79: Sicilian Dragon: Yugoslav Attack, 9 Bc4 Bd7 10 0-0-0 Qa5} 17. h5 $1 b5 ({Avoid the trap} 17... Nxh5 $2 18. Bxg7 Kxg7 19. g4 $18) (17... e5 $16 {was necessary.} 18. Bf2 (18. Be3 Nxh5 19. Bh6 Bxh6 20. Qxh6 Rxc3 21. bxc3 Nf6 22. Qd2 Rc6 23. g4 Be6 24. Qg5 {1-0 (37) Svetushkin,D (2472)-Rogers,I (2558) Istanbul 2000}) 18... Nxh5) 18. Rc1 $2 ({Better is} 18. Bxf6 $18 exf6 19. Qxd6 Qxd6 20. Rxd6) 18... Be6 ({Of course not} 18... gxh5 $6 19. Bxf6 Bxf6 20. Rxh5 $16) ({But not} 18... Nxh5 $2 19. Bxg7 Kxg7 20. g4 $18) 19. hxg6 hxg6 20. Nd5 $146 ({Predecessor:} 20. g4 R8c6 21. g5 Rxd4 22. Nxd4 b4 23. Nxe6 bxc3 24. Qd3 {½-½ (60) Espinoza Palomino,W (2281)-Akunka,D (2010) Thessaloniki 2009}) 20... Bxd5 ({Avoid the trap} 20... Nxd5 $2 21. Bxg7 (21. exd5 Bf5 $11) 21... Nb4 22. a3 $16) 21. exd5 Ra4 22. g4 (22. Rce1 $5 Qb7 23. Rh2 $14) 22... Qb7 (22... Rxa2 $11 23. Rce1 Kf8) 23. Bxf6 (23. g5 $16 Nh5 24. Bxg7 Kxg7 25. Rh2) 23... exf6 (23... Bxf6 $11 {keeps the balance.} 24. Rce1 Qa6) 24. Rh3 Re8 $2 (24... f5 $16) 25. Rd1 $2 (25. Rch1 $18 f5 26. Qh2) 25... Re5 (25... f5 $11) 26. f4 Ree4 {[%emt 0:09:59] [#]} (26... Re8 $16) 27. Rf3 $2 (27. Rdh1 $1 $18) 27... Qe7 28. Rf2 Re3 ({Better is} 28... f5 $15 29. g5 Kf8) 29. Nd4 (29. Nc1 $11) 29... Qe8 {[%emt 0:04:49] [#]} (29... Qe4 $11 30. Nxb5 f5 31. Nxd6 Qe7) 30. Nxb5 (30. f5 $1 $16) 30... Rg3 $2 31. Nc3 $2 (31. Nxd6 $18 {und der Rest ist Schweigen.} Qd7 32. Qe1 (32. b3 Qxd6 33. Qe2 Rb4 $17)) 31... Rc4 32. Re1 Qc8 $2 (32... Qd7 $16) 33. Ne4 Rxe4 34. Rxe4 Qxg4 35. Re8+ Bf8 36. a3 Rg1+ $18 37. Ka2 Rh1 38. Qb4 Qh4 39. Qxd6 Qh6 40. Qe7 Rd1 41. Rh2 Qg7 42. Rxf8+ Qxf8 43. Rh8+ 1-0

[Event "III. World-ch for Disabled 2017"]
[Site "Dresden"]
[Date "2017.10.08"]
[Round "4.6"]
[White "Scheffner, Jarno"]
[Black "Miozga, Tomasz"]
[Result "1/2-1/2"]
[ECO "B99"]
[WhiteElo "1801"]
[BlackElo "2023"]
[Annotator "NA RC"]
[PlyCount "61"]
[EventDate "2017.??.??"]
[EventType "swiss"]
[EventCountry "GER"]
[SourceTitle "playchess.com"]
[Source "ChessBase"]
[SourceQuality "1"]
[TimeControl "40/5400+30:1800+30"]

1. e4 c5 2. Nf3 d6 3. d4 cxd4 4. Nxd4 Nf6 5. Nc3 a6 6. Bg5 e6 7. f4 Be7 8. Qf3 Qc7 9. g4 ({Better is} 9. O-O-O $14) 9... Nbd7 ({Black should try} 9... h6 $11 10. Bh4 Nbd7) 10. O-O-O b5 11. Bxf6 Nxf6 12. g5 Nd7 13. f5 Bxg5+ 14. Kb1 O-O 15. fxe6 Nb6 $1 {[%emt 1:20:41] LiveBook: 50 Games} ({Of course not} 15... fxe6 $6 16. Qg3 $16) 16. Qg3 ({Better is} 16. Nd5 $14 Nxd5 17. exd5) 16... Bf6 $1 17. Nd5 Nxd5 18. exd5 fxe6 (18... Bxd4 $5 19. Rxd4 fxe6 $11) 19. Nxe6 (19. Z0 e5 $2 ({Resist} 19... exd5 20. Bg2 $15) (19... Bxd4 $19 20. Rxd4 e5)) 19... Bxe6 20. dxe6 Be5 21. Qb3 Kh8 22. Bh3 Rf6 23. Rhf1 Raf8 24. Rxf6 Rxf6 25. Qd5 g6 26. Qa8+ Kg7 27. Qg2 Qb6 28. Qa8 Qc7 29. Qg2 Qb6 30. Qa8 Qc7 $11 31. Bf1 1/2-1/2

[Event "III. World-ch for Disabled 2017"]
[Site "Dresden"]
[Date "2017.10.10"]
[Round "5.1"]
[White "Lipilin, Ilia"]
[Black "Suder, Ryszard"]
[Result "1-0"]
[ECO "A16"]
[WhiteElo "1883"]
[BlackElo "2061"]
[Annotator "NA RC"]
[PlyCount "139"]
[EventDate "2017.??.??"]
[EventType "swiss"]
[EventCountry "GER"]
[SourceTitle "playchess.com"]
[Source "ChessBase"]
[SourceQuality "1"]
[TimeControl "40/5400+30:1800+30"]

1. c4 Nf6 2. Nc3 d5 3. cxd5 Nxd5 4. g3 g6 5. Bg2 Nxc3 6. dxc3 Qxd1+ {[%emt 1:28:54] LiveBook: 11 Games A16: English Opening: 1...Nf6 with ...d5} 7. Kxd1 Bg7 (7... e5 8. Nf3 f6 9. Be3 Nc6 10. Nd2 Ne7 11. Bc5 Nf5 12. Ne4 Bxc5 13. Nxc5 Rb8 14. Kc2 {½-½ (44) Drazic,S (2511)-Turov,M (2636) Sibenik 2012}) 8. Kc2 c6 $146 ({Predecessor:} 8... e5 9. e4 Be6 10. Nf3 f6 11. Be3 Nd7 12. Rhd1 O-O-O 13. Nd2 h5 14. h4 {½-½ (28) Kuzmicz,K (2479)-Bulski,K (2533) Poland 2015}) 9. e4 e5 10. Be3 Be6 11. Rd1 Nd7 12. Nf3 f6 13. Rd6 Ke7 14. Rhd1 Rhd8 15. h4 Nb6 16. Bc5 Rxd6 17. Bxd6+ Kf7 18. Bc5 Bf8 19. Be3 Be7 (19... Nc4 $15 20. Bc1 a5) 20. h5 (20. Nd2 $11) 20... g5 (20... Nc4 $15 21. Bc1 g5) 21. Nh2 Rd8 22. Rxd8 Bxd8 23. g4 Nc8 ({Much weaker is} 23... Bxa2 $6 24. b3 $16) 24. f3 Bb6 ({Much weaker is} 24... Bxa2 $6 25. b3 $16) 25. Bc1 Nd6 ({Reject} 25... Bxa2 $6 26. b3 $16) 26. Nf1 Bf2 ({Much worse is} 26... Bxa2 $6 27. b3 $16) 27. b3 Bc5 28. Ng3 Ke8 29. Bf1 Bf2 30. Ne2 Bc5 31. Bd2 Bf2 32. Nc1 Bg1 33. Be2 Kd7 34. Nd3 Nf7 35. Bc1 b6 36. a4 c5 37. Ba3 Nd6 38. Nb2 Kc6 39. Ba6 Bc8 40. Bc4 Nxc4 41. Nxc4 Be6 42. Nb2 a6 43. Nd3 b5 44. axb5+ axb5 45. Bc1 Bxb3+ 46. Kxb3 c4+ 47. Kc2 cxd3+ 48. Kxd3 Bc5 49. Kc2 Bd6 50. Kb3 Be7 51. c4 bxc4+ 52. Kxc4 Bd8 53. Ba3 Kd7 54. Kd5 Ba5 55. Bb2 Bc7 56. Bc3 Bb8 57. Bb4 Bc7 58. Bd2 Bd6 59. Ba5 Bb8 60. Bb6 Bd6 $2 {[%emt 0:30:35] [#]} (60... Ke7 $11) 61. Bd8 $1 Be7 {[%emt 0:30:41] [#]} 62. Bxe7 $1 Kxe7 {[%emt 0:31:05] [#]} 63. Kc6 $1 Ke6 64. Kc7 Ke7 {[%emt 0:29:10] [#]} 65. h6 $1 Ke6 {[%emt 0:25:20] [#]} 66. Kd8 $1 Kf7 67. Kd7 Kg6 68. Ke6 Kxh6 69. Kf7 f5 70. gxf5 1-0

[Event "III. World-ch for Disabled 2017"]
[Site "Dresden"]
[Date "2017.10.10"]
[Round "6.1"]
[White "Varezhkin, Viktor"]
[Black "Lipilin, Ilia"]
[Result "1-0"]
[ECO "E04"]
[WhiteElo "2243"]
[BlackElo "1883"]
[Annotator "NA"]
[PlyCount "138"]
[EventDate "2017.??.??"]
[EventType "swiss"]
[EventCountry "GER"]
[SourceTitle "playchess.com"]
[Source "ChessBase"]
[SourceQuality "1"]
[TimeControl "40/5400+30:1800+30"]

1. d4 d5 2. Nf3 Nf6 3. g3 e6 4. Bg2 c5 5. O-O Nc6 6. c4 dxc4 7. Qa4 Bd7 8. Qxc4 cxd4 9. Nxd4 Rc8 10. Nc3 Qb6 11. Nxc6 {[%emt 1:11:11] LiveBook: 17 Games} Bxc6 12. Be3 Qb4 13. Qxb4 Bxb4 14. Bxa7 Bxc3 15. bxc3 Bxg2 16. Kxg2 Rxc3 17. Bd4 (17. Rfb1 $16) 17... Rc7 18. Rab1 O-O 19. Rb2 Ra8 20. Rfb1 h6 21. Be5 Rd7 22. Rc1 b5 23. Rcc2 Rda7 24. Bd4 Ra4 25. e3 Nd5 26. Rd2 b4 27. Bc5 Nc3 28. Bxb4 Nxa2 29. Bc5 Nc3 30. Bd4 Nd5 31. h4 Nb4 32. Bc5 Nd5 33. Kf3 Rc4 34. Bd4 Ne7 35. Rb7 Nc6 36. Bb2 Na5 37. Rb5 Nc6 38. Ke2 Rb4 39. Rc5 Ra2 40. Bxg7 Rxd2+ 41. Kxd2 Kxg7 42. Rxc6 Rb2+ 43. Ke1 Kg6 44. Rd6 Kf5 45. Rd2 ({White should play} 45. Kf1 $16) 45... Rb4 (45... Rxd2 $1 $11 {keeps the balance.} 46. Kxd2 Kg4) 46. Ke2 Ra4 47. Rb2 Kg6 48. Rb3 Ra2+ 49. Kf3 Kf6 50. Rb5 Kg6 51. g4 Ra4 52. Kg3 Re4 53. Rb6 Kf6 54. Rb3 Ra4 55. Rb8 Kg7 56. Rb5 Kg6 57. g5 ({White should try} 57. f3 $16) 57... Ra1 58. gxh6 Kxh6 59. Rg5 Rg1+ 60. Kf4 Rh1 61. Ke5 Rxh4 $2 (61... Rh2 $11) 62. Kf6 $18 Rh2 63. f4 Re2 64. Re5 Ra2 65. Kxf7 Ra7+ 66. Kf6 Kh7 67. Rxe6 Kg8 68. Re7 Z0 69. e4 {[%emt 0:33:31] Bf8 0:33:31} Z0 {[%emt 0:33:31] Qc2+ 0:33:31} 1-0

[Event "III. World-ch for Disabled 2017"]
[Site "Dresden"]
[Date "2017.10.10"]
[Round "6.3"]
[White "Miozga, Tomasz"]
[Black "Scerbin, Dmitrij"]
[Result "0-1"]
[ECO "A44"]
[WhiteElo "2023"]
[BlackElo "2312"]
[Annotator "NA"]
[PlyCount "182"]
[EventDate "2017.??.??"]
[EventType "swiss"]
[EventCountry "GER"]
[SourceTitle "playchess.com"]
[Source "ChessBase"]
[SourceQuality "1"]
[TimeControl "40/5400+30:1800+30"]

1. d4 c5 2. d5 e5 3. c4 d6 4. e4 Be7 5. Bd3 {[%emt 1:25:37] LiveBook: 14 Games} Bg5 6. Nc3 Bxc1 {[%emt 1:28:17] A44: Semi-Benoni} (6... h6 7. Nge2 Ne7 8. O-O Ng6 9. Ng3 Bxc1 10. Rxc1 Nf4 11. Nce2 Qg5 12. f3 Nd7 13. Kh1 O-O 14. Qd2 Nxd3 15. Qxd3 {0-1 (42) Lahlum,H (2131)-Martinovic,S (2570) Helsingor 2017}) 7. Qxc1 Ne7 8. Nge2 O-O 9. O-O Ng6 10. Qe3 Nd7 11. a3 Nf6 12. f3 $146 ({Predecessor:} 12. b4 b6 13. f3 {1-0 (48) Manakova,M (2345)-Kovacevic,R (2075) Budva 2002}) 12... Nh5 13. g3 Nf6 14. b4 Nd7 15. Rfb1 Qe7 16. Nc1 b6 17. Nb3 h6 18. Nd2 Nf6 19. a4 Bd7 20. a5 Rfb8 21. axb6 axb6 22. Nb5 Rxa1 23. Rxa1 Bxb5 24. cxb5 cxb4 25. Nc4 Qc7 26. Ra4 Nd7 27. Rxb4 Ra8 28. Rb1 Ra2 29. Bf1 Nc5 30. Qc1 Nf8 31. Qe1 Nfd7 32. Ra1 Rxa1 33. Qxa1 Qb8 34. Qa3 g6 35. Bh3 Nf6 36. Qa1 Nh7 37. Bg2 Nf8 38. Bh3 Kg7 39. Qa3 Nh7 40. Bg2 Nf6 41. Qa1 Nfd7 42. Bh3 Nf8 43. Qa3 h5 44. Qe3 Qc7 45. Bf1 Nfd7 46. Qa3 Qb8 47. Qa1 Nb3 48. Qa6 Qc7 49. Kg2 Nd4 50. Bd3 Nc5 51. Qa3 Nxb5 52. Qb4 Nd4 53. Bf1 b5 54. Na3 Na6 55. Qb2 b4 56. Bxa6 Qa5 57. Nc4 Qxa6 58. Qxb4 Qa2+ 59. Nb2 {[%emt 0:01:44] [#]} Nc2 ({Black should play} 59... h4 $1 $19 60. Qd2 {[#]} (60. gxh4 Ne2) 60... h3+ $1 61. Kxh3 Nxf3) 60. Qc3 Qb1 61. Nc4 Nd4 62. Qd2 Qb3 63. Ne3 Qa3 64. Qf2 Qc5 65. h4 Qc1 66. Nf1 Qc4 67. Ne3 Qd3 68. Nf1 f5 69. Qe3 fxe4 70. fxe4 Qc2+ 71. Kh1 Qd1 72. Kg2 Qg4 73. Nh2 Qd1 74. Nf1 Qc2+ 75. Kh1 Nb3 76. Qa7+ Kf6 77. Qe3 Nd4 78. Kg1 Qd1 79. Qf2+ Kg7 80. Qe3 Nf3+ 81. Kf2 Nd4 82. Kg1 Qg4 83. Nh2 Qh3 84. Nf1 Qd7 85. Kg2 Qb5 86. Kg1 Qa6 87. Kg2 Qa2+ 88. Kh1 Qb1 $11 89. Kg2 Qd1 90. Kg1 Qc2 91. Nd2 Qxd2 0-1

[Event "III. World-ch for Disabled 2017"]
[Site "Dresden"]
[Date "2017.10.10"]
[Round "6.4"]
[White "Kozhamuratov, Marat"]
[Black "Suder, Ryszard"]
[Result "1/2-1/2"]
[ECO "D13"]
[WhiteElo "1784"]
[BlackElo "2061"]
[Annotator "NA RC"]
[PlyCount "60"]
[EventDate "2017.??.??"]
[EventType "swiss"]
[EventCountry "GER"]
[SourceTitle "playchess.com"]
[Source "ChessBase"]
[SourceQuality "1"]
[TimeControl "40/5400+30:1800+30"]

1. d4 Nf6 2. Nf3 g6 3. c4 Bg7 4. Nc3 d5 5. Bg5 Ne4 6. Bf4 Nxc3 7. bxc3 O-O 8. e3 c5 9. Be2 dxc4 10. Bxc4 Nc6 11. O-O cxd4 12. cxd4 Bf5 13. Rc1 Rc8 14. Qe2 {[%emt 1:15:09] LiveBook: 10 Games} Na5 {[%emt 0:59:05] D13: Slav Defence: Exchange variation without ...Bf5} (14... e6 15. Qb2 Qe7 16. h3 Be4 17. Rfd1 Bxf3 18. gxf3 Rfd8 19. Bf1 h5 20. Qb5 e5 21. dxe5 Rxd1 22. Rxd1 Bxe5 23. Bxe5 Nxe5 24. Bg2 {½-½ (24) Maksimenko,A (2547)-Ernst,S (2554) Germany 2013}) 15. Bd3 Bxd3 16. Qxd3 Qd7 17. h3 $146 ({Predecessor:} 17. Rc3 b5 18. Rfc1 Rc4 19. Nd2 e5 20. Bg3 exd4 21. Nxc4 bxc4 22. Qd2 {0-1 (55) Udani,I (2272)-Villamayor,B (2453) Penang 2016}) 17... Rfd8 18. Qe4 b6 19. Bg5 f6 20. Bf4 e6 21. Qd3 b5 22. Rc3 Nc4 23. Qc2 Bf8 24. Qb3 $1 {[%emt 0:53:14] [#]} Na5 (24... a5 $1 $17) 25. Qb2 Nc4 26. Qb3 Na5 27. Qb2 Nc4 28. Qb3 {[%emt 0:27:10] [#]} Ra8 29. Bc7 $19 {[%emt 0:27:10] Qd8 0:27:10 Rh1+ 0:27:10} (29. a4 $11 {und Weiss muss sich keine Sorgen machen.}) 29... Z0 {[%emt 0:27:10] Ng1+ 0:27:10 --- 0:27:10} 30. Qd1 Z0 {[%emt 0:27:10] Bd7+ 0:27:10} 1/2-1/2

[Event "III. World-ch for Disabled 2017"]
[Site "Dresden"]
[Date "2017.10.13"]
[Round "7.2"]
[White "Lipilin, Ilia"]
[Black "Checiak, Krzysztof"]
[Result "1-0"]
[ECO "E81"]
[WhiteElo "1883"]
[BlackElo "2049"]
[Annotator "NA"]
[PlyCount "130"]
[EventDate "2017.??.??"]
[EventType "swiss"]
[EventCountry "GER"]
[SourceTitle "playchess.com"]
[Source "ChessBase"]
[SourceQuality "1"]
[TimeControl "40/5400+30:1800+30"]

1. c4 g6 2. Nc3 Bg7 3. d4 Nf6 4. e4 d6 5. f3 O-O 6. Bg5 h6 {[%emt 1:20:38] LiveBook: 114 Games} 7. Be3 Nbd7 8. Nh3 {[%emt 1:29:58] E81: King's Indian: Sämisch: 6th move deviations (including 6 Be3 c6)} c6 9. Qd2 Kh7 10. Nf2 a6 11. Be2 b5 12. cxb5 (12. O-O $16 bxc4 13. Bxc4 Nb6 14. Bd3 a5 15. Qe2 Nfd7 16. f4 {1-0 (44) Yakovich,Y (2585)-Inarkiev,E (2602) Moscow 2005}) 12... axb5 13. O-O $146 ({Predecessor:} 13. Nd3 Nb6 14. b3 Be6 15. O-O Nc8 16. Nb4 Bd7 17. e5 {1-0 (31) Bury,T (1803)-Fork,R (1897) Germany 2008}) 13... Bb7 14. a3 Qa5 15. b4 Qd8 16. Nd3 Nb6 17. Nb2 Nfd7 18. Kh1 e6 19. Rfd1 Qf6 20. e5 (20. Kg1 $11) 20... dxe5 21. Ne4 Qe7 22. dxe5 Nd5 23. f4 Rfb8 (23... f6 $11 24. Nd3 Nxe3 25. Qxe3 fxe5 26. fxe5 Nxe5) 24. Bc5 Nxc5 25. Nxc5 Bc8 26. Bf3 Ra7 27. Nb3 f6 28. Nd3 fxe5 29. fxe5 Rd7 (29... Rba8 $14) 30. Na5 (30. Nd4 $16 Rc7 31. Re1) 30... Rb6 31. Rac1 Rc7 32. Qf2 Ra6 $1 $11 33. Nc5 Ra8 34. Nd3 (34. Qg3 $16) 34... Bd7 35. Be4 Qg5 $1 36. Nc5 (36. h4 $14 Qe3 37. Qxe3 Nxe3 38. Re1) 36... Bc8 37. Nd3 Bd7 38. Nc5 Rf8 39. Qe2 Bxe5 40. Nxd7 (40. Na6 $11) 40... Rxd7 41. Nxc6 Bf4 ({Black should play} 41... Bg7 $1 $15 42. Qd3 (42. Qxb5 $2 Nc3 $19) 42... Rff7) 42. Rc2 (42. Nd4 $1 $14 Qf6 43. Rc6 (43. Qxb5 Rff7 $19)) 42... Rdf7 43. Bxd5 (43. Nd4 $11 {remains equal.} Bxh2 44. Kxh2 (44. Nxe6 Qh4 $15)) 43... exd5 44. Nd4 {[%emt 0:21:28] [#]} ({Don't blunder} 44. Qxb5 $2 {[#]} Bxh2 $1 45. g4 Bg3 $19) 44... Re7 $4 ({Not} 44... Qh4 45. Nf3 $16) (44... Bxh2 $1 $19 {[%mdl 512] and all is fine.} 45. Ne6 {[#]} (45. Kxh2 $2 Rf2 $19) 45... Qh4 $1 46. Nxf8+ Rxf8) 45. Ne6 Rxe6 46. Qxe6 Bxh2 (46... Qh5 $142 47. g4 Qh3 48. Qxd5 Kg7) 47. Qd7+ Kg8 48. Qxd5+ Qxd5 49. Rxd5 Bg3 50. Rc1 Rf4 51. Rd7 Rf8 52. Rcd1 Bh4 53. Rb7 Rf5 54. Rc1 Rf8 55. Rxb5 h5 56. Rb7 Bg3 57. a4 Bf4 58. Rd1 g5 59. a5 g4 60. a6 Be3 61. a7 g3 62. b5 h4 63. b6 Bf4 64. Rbd7 Bg5 65. b7 Bd2 1-0